 Dungeon Crawl Stone Soup version 0.30-a0-1103-g25895a7845 (webtiles) character file.

Game seed: 11220530650492211223

368 tilp the Digger (level 7, -2/56 HPs)
             Began as a Meteoran Earth Elementalist on Apr 19, 2023.
             Was an Initiate of Vehumet.
             Slain by a water moccasin (7 damage)
             ... on level 7 of the Dungeon.
             The game lasted 00:05:58 (1193 turns).

tilp the Digger (Meteoran Earth Elementalist)       Turns: 1193, Time: 00:05:59

Health: -2/56      AC:  4    Str:  9    XL:     7   Next: 22%
Magic:  14/14      EV: 13    Int: 19    God:    Vehumet [......]
Gold:   118        SH:  0    Dex: 15    Spells: 10/14 levels left

rFire   . . .      SeeInvis .    (no weapon)
rCold   . . .      Faith    .    (no shield)
rNeg    . . .      Spirit   .    f - +0 robe
rPois   +          Reflect  .    (no helmet)
rElec   .          Rampage  .    (no cloak)
rCorr   +                        s - +1 pair of gloves
Will    .....                    (no boots)
Stlth   +                        (no amulet)
HPRegen 0.29/turn                g - ring of resist corrosion
MPRegen 0.14/turn                k - ring of poison resistance

@: lethally poisoned (-2 -> -8), about to teleport, glowing
A: sense surroundings 1, otherworldly, glowing, explore regen
a: Renounce Religion


You were on level 7 of the Dungeon.
You worshipped Vehumet.
Vehumet was noncommittal.
You visited 2 branches of the dungeon, and saw 9 of its levels.

You collected 118 gold pieces.

Inventory:

Hand Weapons
 a - a +1 mace
Missiles
 c - 30 stones (quivered)
 r - 5 poisoned darts
Armour
 f - a +0 robe (worn)
 l - the +3 ring mail "Noqig" {rN++ Str+2}
   (You found it on level 2 of the Dungeon)

   Str:       It affects your strength (+2).
   rN:        It greatly protects you from negative energy.
 s - a +1 pair of gloves (worn)
Jewellery
 g - a ring of resist corrosion (left hand)
 i - an amulet of faith
 k - a ring of poison resistance (right hand)
Wands
 b - a wand of digging (5)
 m - a wand of iceblast (3)
Scrolls
 d - a scroll of immolation
 e - 2 scrolls of enchant weapon
 h - a scroll of magic mapping
Potions
 j - 3 potions of mutation
 n - a potion of degeneration {unknown}
 o - a potion of curing {unknown}
 t - a potion of attraction {unknown}


   Skills:
 + Level 2.6 Fighting
 + Level 3.2 Maces & Flails
 + Level 4.0 Dodging
 - Level 1.4 Stealth
 + Level 4.1 Spellcasting
 - Level 1.2 Transmutations
 * Level 5.9 Earth Magic


You had 10 spell levels left.
You knew the following spells:

 Your Spells              Type           Power      Damage    Failure   Level
a - Sandblast             Erth           52%        2d12      1%          1
b - Stone Arrow           Conj/Erth      30%        3d8       12%         3

Your spell library contained the following spells:

 Spells                   Type           Power      Damage    Failure   Level
 Passwall                 Tmut/Erth      14%        N/A       4%          2
 Petrify                  Tmut/Erth      17%        N/A       30%         4
 Summon Forest            Summ/Tloc      1%         N/A       98%         5
 Summon Mana Viper        Hex/Summ       3%         N/A       98%         5
 Summon Cactus Giant      Summ           1%         N/A       100%        6


Dungeon Overview and Level Annotations

Branches:
Dungeon (8/15) Zot: 3655   Temple (1/1) D:7 Zot: 514
   Lair: D:8-11

Altars:
Cheibriados
Fedhas
Gozag
Kikubaaqudgha
Makhleb
Nemelex Xobeh
Sif Muna
Uskayaw
Vehumet

Shops:
D:1 =   D:7 *

Annotations:
D:5 Edmund


Innate Abilities, Weirdness & Mutations

You passively map a small area around you.
You are easily found by Zot.
You glow in the dark.
You regain HP and MP as you explore.


Message History

The howler monkey hits you!
A howler monkey comes into view.
The howler monkey hits you.
The howler monkey attacks as you move away!
The howler monkey hits you.
The howler monkey attacks as you move away!
The howler monkey completely misses you.
A water moccasin comes into view.
The howler monkey attacks as you move away!
The howler monkey hits you! The water moccasin bites you.
The killer bee attacks as you move away!
The killer bee stings you.
The howler monkey attacks as you move away!
The howler monkey hits you but does no damage.
The water moccasin bites you!
* * * LOW HITPOINT WARNING * * *
The howler monkey hits you.
* * * LOW HITPOINT WARNING * * *
The howler monkey hoots and howls with incredible vigour!
The killer bee stings you.
* * * LOW HITPOINT WARNING * * *
The howler monkey attacks as you move away!
The howler monkey closely misses you. The water moccasin bites you.
* * * LOW HITPOINT WARNING * * *
Unknown command.
Okay, then.
As you read the scroll of teleportation, it crumbles to dust.
You feel strangely unstable. The water moccasin barely misses you.
The killer bee stings you.
* * * LOW HITPOINT WARNING * * *
You are lethally poisoned!
The killer bee poisons you!
A killer bee comes into view.
The killer bee attacks as you move away!
The killer bee stings you but does no damage.
* * * LOW HITPOINT WARNING * * *
You feel very sick. The water moccasin bites you!
You die...

.?....†.#.#.#.#
#.# ##........
#y# ##..#.#.#.#
,#.###5....?....
#
#.##...)#.#.#.#
#.
,#.5.y..........
#. *
#.##....#.#.#.#
#.
#ySh...........
#@####...#####.
#.# ##.## , ...
, ... , * ##.##
#### ** #.# , ,,
#.# #.# * * #..
, , *


You could see a water moccasin, a howler monkey, 2 killer bees and a shadow imp.

Vanquished Creatures
  A black bear (D:6)
  A kobold brigand (D:8)
  A bullfrog (D:8)
  A killer bee (D:7)
  A hound (D:5)
  A sleepcap (D:4)
  3 worms
  An endoplasm (D:3)
  A giant cockroach (D:2)
  A goblin (D:2)
  3 hobgoblins
  6 jackals (D:1)
  5 kobolds
  3 quokkas
  8 ball pythons
  A bat (D:2)
  2 rats
40 creatures vanquished.

Notes
Turn   | Place    | Note
-------+----------+-------------------------------------------
     0 | D:1      | tilp the Meteoran Earth Elementalist began the quest for
                  | the Orb.
     0 | D:1      | Reached XP level 1. HP: 14/14 MP: 5/5
    28 | D:1      | Found Apnabuz's One-of-a-Kind Rings.
   154 | D:1      | Reached XP level 2. HP: 16/20 MP: 4/6
   206 | D:1      | HP: 1/22 [jackal (1)]
   210 | D:1      | Reached skill level 4 in Earth Magic
   279 | D:2      | Reached XP level 3. HP: 27/27 MP: 5/8
   379 | D:2      | Reached skill level 1 in Fighting
   379 | D:2      | Reached skill level 1 in Maces & Flails
   383 | D:2      | Learned a level 3 spell: Stone Arrow
   402 | D:2      | Identified the +3 ring mail "Noqig" {rN++ Str+2}
   813 | D:5      | Entered Level 5 of the Dungeon
   822 | D:4      | Reached XP level 4. HP: 35/35 MP: 4/9
   864 | D:5      | Reached XP level 5. HP: 32/40 MP: 6/11
   917 | D:5      | Noticed a black bear
   919 | D:5      | Noticed Edmund
   930 | D:6      | Killed a black bear
   931 | D:6      | Reached skill level 5 in Earth Magic
   931 | D:6      | Reached XP level 6. HP: 35/48 MP: 9/12
   977 | D:7      | Found a staircase to the Ecumenical Temple.
   986 | Temple   | Entered the Ecumenical Temple
  1029 | Temple   | Became a worshipper of Vehumet
  1095 | D:7      | Found Weizelin's General Store.
  1108 | D:8      | Reached XP level 7. HP: 46/56 MP: 6/14
  1186 | D:7      | Noticed a water moccasin
  1193 | D:7      | Slain by a water moccasin

Illustrated notes

Levels and vault maps discovered:
D:1:      lightli_arrival_chessboard, layout_basic, minmay_crystal_water,
          kennysheep_flooded_box, minmay_fountain_box, minmay_misc_feat_encased,
          nicolae_shop_unique_rings, chequers_serial_rivers_micro_c,
          grunt_decor_resistance
D:2:      layout_loops_corners
D:3:      minmay_chambers_of_twos, layout_basic
D:4:      layout_loops_corners, mainiacjoe_overflow_alcove_1
D:5:      layout_cave_pods, marbit_many_paths, serial_shops, shop,
          uniq_eustachio, uniq_blork_the_orc, uniq_grinder, uniq_edmund
D:6:      layout_loops_ring
D:7:      layout_loops_ring, minmay_temple_entry_crystal_x, serial_glass,
          glass_columns_c, glass_columns_a, serial_shops, shop, grunt_tough_drop
D:8:      nicolae_moon_pools, layout_basic, overflow_temple_1_default,
          nicolae_wu_jian_glorious_leap, grunt_qazlal_sundering, serial_shops,
          shop, hex_tiny, kennysheep_nub
Temple:   minmay_crystal_spiral_temple

Skill      XL: |  1  2  3  4  5  6  7 |
---------------+----------------------+-----
Earth Magic    | 4 5 |  5.9
Spellcasting   | 3 4 |  4.1
Fighting       | 1 2 |  2.6
Maces & Flails | 1 2 3 |  3.2
Dodging        | 3 4 |  4.0
Stealth        | |  1.4
Transmutations | |  1.2

Action                     |  1- 3 |  4- 6 |  7- 9 || total
---------------------------+-------+-------+-------++-------
  Melee: Unarmed           |     3 |       |       ||     3
   Cast: Sandblast         |    38 |    22 |    10 ||    70
    Use: Potion            |     2 |       |       ||     2
         Scroll            |     5 |       |     3 ||     8
 Armour: Robe              |    13 |     5 |     3 ||    21
  Dodge: Dodged            |    32 |    16 |    13 ||    61

Table legend: (Time is in decaauts)
 A = Elapsed time spent in this place.
 B = Non-inter-level travel time spent in this place.
 C = Inter-level travel time spent in this place.
 D = Time resting spent in this place.
 E = Time spent auto-exploring this place.
 F = Levels seen in this place.
 G = Mean time per level.
                   A        B        C        D        E       F      G
               +--------+--------+--------+--------+--------+-----+--------+
         Total |   1229 |   1014 |    215 |      0 |      0 |   9 |  136.6 |
       Dungeon |   1144 |    971 |    173 |      0 |      0 |   8 |  143.0 |
        Temple |     85 |     43 |     42 |      0 |      0 |   1 |   85.0 |
               +--------+--------+--------+--------+--------+-----+--------+

Top non-repeatable levels by time:
     D:2: 422 daAuts
     D:1: 234 daAuts
     D:3: 151 daAuts
     D:7: 91 daAuts
  Temple: 85 daAuts
     D:5: 82 daAuts
     D:4: 57 daAuts
     D:6: 55 daAuts
     D:8: 48 daAuts
